 Dungeon Crawl Stone Soup version 0.29.1-2-gbd0b4ee654 (webtiles) character file.

Game seed: 11532444666416230330

230 DasRunzen the Trooper (level 5, -5/37 (43) HPs)
             Began as a Demonspawn Abyssal Knight on Nov 25, 2022.
             Was an Elder of Lugonu.
             Killed by divine providence
             ... invoked by an orc priest
              (12 damage)
             ... on level 4 of the Dungeon.
             The game lasted 00:08:46 (4170 turns).

DasRunzen the Trooper (Demonspawn Abyssal Knight)   Turns: 4170, Time: 00:08:47

HP:   -5/37 (43)    AC: 10    Str: 13    XL:     5   Next: 72%
MP:   6/6           EV: 14    Int: 14    God:    Lugonu [****..]
Gold: 137           SH:  0    Dex: 13    Spells: 4/4 levels left

rFire   . . .      SeeInvis .   a - +1 falchion
rCold   . . .      Faith    .   (no shield)
rNeg    . . .      Spirit   .   b - +1 leather armour
rPois   .          Reflect  .   (no helmet)
rElec   .          Harm     .   (no cloak)
rCorr   +          Rampage  .   m - +2 pair of gloves
Will    .....                   d - +2 pair of boots
Stlth   +.........              (no amulet)
HPRegen 0.12/turn               h - ring of resist corrosion
MPRegen 0.10/turn               (no ring)

@: studying Axes, heavily drained
A: repulsion field 1
a: Renounce Religion, Depart the Abyss, Bend Space, Banish, Corrupt


You were on level 4 of the Dungeon.
You worshipped Lugonu.
Lugonu was greatly pleased with you.
You visited 1 branch of the dungeon, and saw 4 of its levels.
You visited the Abyss 1 time.
You also visited: Sewer.

You collected 137 gold pieces.

Inventory:

Hand Weapons
 a - a +1 falchion (weapon)
Armour
 b - a +1 leather armour (worn)
 d - a +2 pair of boots (worn)
 m - a +2 pair of gloves (worn)
Jewellery
 h - a ring of resist corrosion (left hand)
Wands
 k - a wand of light (9)
 n - a wand of charming (10)
Scrolls
 c - 5 scrolls of teleportation
 p - a scroll of enchant armour
 q - a scroll of torment {unknown}
Potions
 e - a potion of heal wounds
 f - 6 potions of flight
 g - 4 potions of curing
 i - a potion of lignification
 j - a potion of mutation
 l - 5 potions of degeneration
 o - a potion of haste {unknown}


   Skills:
 + Level 4.3 Fighting
 + Level 3.5 Long Blades
 + Level 2.3 Armour
 + Level 2.2 Dodging
 + Level 0.6 Stealth
 + Level 2.6 Invocations


You had 4 spell levels left.
You didn't know any spells.
Your spell library contained the following spells:

 Spells                   Type           Power      Damage    Failure   Level
 Apportation              Tloc           0%         N/A       36%         1
 Necrotise                Necr           0%         1d4       36%         1
 Summon Small Mammal      Summ           0%         N/A       36%         1


Dungeon Overview and Level Annotations

Branches:
Dungeon (4/15)              Sewer (visited)
 Temple: D:4-7

Altars:


Innate Abilities, Weirdness & Mutations

You are surrounded by a mild repulsion field. (EV +2)


Message History

You feel drained.
You closely miss the orc.
The orc is severely wounded.
The orc hits you but does no damage.
You feel drained.
You hit the orc.
You kill the orc!
Lugonu accepts your kill.
The orc priest looks satisfied for a moment.
You barely miss the orc. The orc hits you but does no damage.
You hit the orc.
The orc is heavily wounded.
The orc closely misses you.
You hit the orc.
The orc is almost dead.
The orc barely misses you.
You hit the orc.
You kill the orc!
Lugonu accepts your kill. The orc priest closely misses you.
You hit the orc priest.
The orc priest is moderately wounded.
The orc priest hits you with a +0 short sword.
You barely miss the orc priest.
The orc priest is moderately wounded.
The orc priest mumbles some strange prayers to Beogh against you.
Beogh smites you!
You hit the orc priest but do no damage.
The orc priest is moderately wounded.
The orc priest hits you but does no damage.
You slash the orc priest!
The orc priest is almost dead.
The orc priest calls down the wrath of Beogh upon you.
Beogh smites you!
* * * LOW HITPOINT WARNING * * *
You are too injured to fight recklessly!
You closely miss the orc priest.
The orc priest is almost dead.
The orc priest calls down the wrath of Beogh upon you.
Beogh smites you!
You die...

............#
#..........#
#..........#
#..........########
#.................#
#.................#
###.####....(.....#
#.####..........#
#@##............#
#o##.....########
#.##.....#
#.##.....#
#.##.....#
#.##.....#
#.##.....#
#.########


You could see an orc priest.

Vanquished Creatures
  7 adders
  5 river rats
  3 worms
  7 orcs (D:4)
  10 endoplasms
  5 giant cockroaches
  3 goblins
  7 hobgoblins
  6 jackals
  7 kobolds
  7 quokkas
  8 ball pythons
  14 bats
  5 frilled lizards
  9 rats
103 creatures vanquished.

Notes
Turn   | Place    | Note
-------+----------+-------------------------------------------
     0 | Abyss:1  | DasRunzen the Demonspawn Abyssal Knight began the quest for
                  | the Orb.
     0 | Abyss:1  | Reached XP level 1. HP: 18/18 MP: 2/2
    23 | Abyss:1  | Found a corrupted altar of Lugonu.
    27 | Abyss:1  | Found a corrupted altar of Lugonu.
    65 | D:1      | Escaped the Abyss
   534 | D:1      | Gained mutation: You are surrounded by a mild repulsion
                  | field. (EV +2) [demonic ancestry]
   534 | D:1      | Reached XP level 2. HP: 20/24 MP: 3/3
   909 | D:1      | Reached skill level 1 in Dodging
   913 | D:1      | Reached *** piety under Lugonu
  1380 | D:2      | Reached XP level 3. HP: 29/29 MP: 4/4
  2048 | D:3      | Reached XP level 4. HP: 23/37 MP: 5/5
  2065 | D:3      | Found a glowing drain.
  2076 | Sewer    | Entered a sewer
  2348 | Sewer    | Reached skill level 4 in Fighting
  2474 | Sewer    | Reached XP level 5. HP: 29/42 MP: 6/6
  3451 | D:3      | Reached **** piety under Lugonu
  4170 | D:4      | Killed from afar by an orc priest

Illustrated notes

Levels and vault maps discovered:
D:1:      dpeg_arrival_tiny_g, layout_rooms
D:2:      layout_rooms
D:3:      layout_loops_ring, portal_sewer_entry_e
D:4:      layout_basic

Skill      XL: |  1  2  3  4  5 |
---------------+----------------+-----
Armour         | 2 |  2.3
Long Blades    | 2 3 |  3.5
Dodging        | 1 2 |  2.2
Fighting       | 4 |  4.3
Stealth        | |  0.6
Invocations    | |  2.6

Action                   |  1- 3 |  4- 6 || total
-------------------------+-------+-------++-------
Melee: Falchion          |   136 |   296 ||   432
       Punch             |     1 |       ||     1
  Use: Scroll            |     9 |     5 ||    14
Armor: Leather armour    |    72 |   152 ||   224
Dodge: Dodged            |   125 |   298 ||   423
